 Dungeon Crawl Stone Soup version 0.28.0-47-ge53b351184 (console) character file.

Game seed: 4693272225106952655

32289 Faeu the Warrior (level 13, -16/102 (118) HPs)
             Began as a Minotaur Fighter on Apr 20, 2022.
             Was a High Priest of Hepliaklqana.
             Demolished by a phantasmal warrior (24 damage)
             ... led by a death knight
             ... on level 13 of the Dungeon on May 1, 2022.
             The game lasted 01:44:12 (21104 turns).

Faeu the Warrior (Minotaur Fighter)                Turns: 21104, Time: 01:44:12

HP:   -16/102 (118) AC: 17    Str: 26    XL:     13   Next: 30%
MP:   12/12         EV: 11    Int:  5    God:    Hepliaklqana [*****.]
Gold: 1213          SH:  9    Dex: 10    Spells: 12/12 levels left

rFire   + . .      SeeInvis .   b - +3 whip (flame) {mace}
rCold   . . .      Faith    .   S - +0 kite shield
rNeg    . . .      Spirit   .   G - +0 plate armour
rPois   .          Reflect  .   (helmet restricted)
rElec   .          Harm     .   (no cloak)
rCorr   .          Rampage  .   y - +0 pair of gloves
Will    .....                   M - +0 pair of boots
Stlth   ..........              (no amulet)
HPRegen 0.27/turn               c - ring of protection from fire
MPRegen 0.13/turn               Q - +4 ring of evasion

@: weak-willed, heavily drained
A: reduced essence, horns 2, retaliatory headbutt
a: Renounce Religion, Recall Ancestor, Ancestor Identity, Transference, Idealise


You were on level 13 of the Dungeon.
You worshipped Hepliaklqana.
Hepliaklqana was extremely pleased with you.
You visited 4 branches of the dungeon, and saw 17 of its levels.
You also visited: Sewer and Ossuary.

You collected 1213 gold pieces.


Innate Abilities, Weirdness & Mutations

Your life essence is reduced to manifest your ancestor. (-10% HP)
You have a pair of horns on your head.
You reflexively headbutt those who attack you in melee.


   Skills:
 - Level 17.0 Fighting
 - Level 15.2 Long Blades
 - Level 8.9 Axes
 - Level 0.1 Throwing
 + Level 10.4 Armour
 - Level 4.4 Dodging
 - Level 0.2 Stealth
 - Level 7.2 Shields


You had 12 spell levels left.
You didn't know any spells.
Your spell library contained the following spells:

 Spells                   Type           Power      Damage    Failure   Level
 Foxfire                  Conj/Fire      0%         2x1d4     100%        1
 Slow                     Hex            0%         N/A       100%        1
 Confusing Touch          Hex            0%         N/A       100%        3
 Conjure Flame            Conj/Fire      0%         6-21      100%        3
 Ignite Poison            Fire/Tmut/Pois 0%         N/A       100%        3
 Inner Flame              Hex/Fire       0%         N/A       100%        3
 Mephitic Cloud           Conj/Pois/Air  0%         N/A       100%        3
 Vampiric Draining        Necr           0%         2d6       100%        3
 Flame Wave               Conj/Fire      0%         2d4       100%        4
 Freezing Cloud           Conj/Ice/Air   0%         6-21      100%        5

Inventory:

Hand Weapons
 a - a +0 long sword {long}
 b - a +3 whip of flaming (weapon) {mace}
   (You took it off an orc on level 5 of the Dungeon)
 g - the +10 war axe "Demonslayer" {pain, Drain rC- rCorr Dex+8, axe}
   (You found it on level 9 of the Dungeon)

   In the hands of one skilled in necromantic magic, it inflicts extra damage on
   living creatures.
   Dex:       It affects your dexterity (+8).
   rC:        It makes you vulnerable to cold.
   rCorr:     It protects you from acid and corrosion.
   Drain:     It drains your maximum health when unequipped.
 r - a +2 short sword of electrocution {short}
   (You took it off a kobold brigand on level 9 of the Dungeon)
 H - a +2 short sword of holy wrath {short}
   (You took it off an orc priest on level 7 of the Dungeon)
 R - a +4 dagger {short}
   (You took it off an orc wizard on level 11 of the Dungeon)
 T - a +2 shortbow of flaming {bow}
   (You took it off a centaur warrior on level 11 of the Dungeon)
Missiles
 q - 70 poisoned darts (quivered) {throwing}
 u - 7 curare-tipped darts {=fthrowing}
 A - 6 atropa-tipped darts {throwing}
Armour
 i - a +0 robe of resistance
   (You found it on level 9 of the Dungeon)
 l - the +1 leather armour of Ohuarul {rF+}
   (You found it on level 3 of the Dungeon)

   rF:        It protects you from fire.
 y - a +0 pair of gloves (worn)
   (You found it on level 5 of the Dungeon)
 G - a +0 plate armour (worn)
   (You took it off an orc warrior on level 7 of the Dungeon)
 M - a +0 pair of boots (worn)
   (You found it on level 8 of the Dungeon)
 O - a +1 ring mail of cold resistance
   (You found it on level 9 of the Dungeon)
 S - a +0 kite shield (worn)
   (You took it off a gnoll sergeant on level 9 of the Dungeon)
Jewellery
 c - a ring of protection from fire (left hand)
   (You found it on level 10 of the Dungeon)
 o - a ring of see invisible
   (You found it on level 2 of the Dungeon)
 z - a ring of magical power
   (You found it on level 5 of the Dungeon)
 Q - a +4 ring of evasion (right hand)
   (You found it on level 11 of the Dungeon)
Wands
 w - a wand of flame (56)
   (You took it off Natasha on level 4 of the Dungeon)
 I - a wand of iceblast (3)
   (You found it on level 8 of the Dungeon)
 K - a wand of charming (5)
   (You found it on level 9 of the Dungeon)
 W - a wand of paralysis (11)
   (You found it on level 10 of the Dungeon)
Scrolls
 e - 8 scrolls of teleportation {@r4}
 j - 2 scrolls of noise {!r}
 k - a scroll of silence {unknown}
 t - 4 scrolls of magic mapping {!r}
 v - 6 scrolls of fog
 C - 2 scrolls of fear
 E - a scroll of brand weapon {unknown}
 F - 3 scrolls of enchant weapon
 J - a scroll of vulnerability {unknown}
 U - 2 scrolls of blinking {unknown}
 V - 2 scrolls of immolation {unknown}
 Z - a scroll of holy word {unknown}
Potions
 d - a potion of might
 h - 2 potions of attraction {!q}
 m - a potion of resistance
 n - 3 potions of haste {unknown}
 p - 2 potions of flight
 s - a potion of heal wounds {@q2}
 x - a potion of brilliance {unknown}
 B - 2 potions of invisibility {unknown}
 D - a potion of magic {unknown}
 L - a potion of mutation {unknown}
 N - 3 potions of curing {unknown}
 X - a potion of ambrosia {unknown}
Miscellaneous
 P - a tin of tremorstones (2/2) {throwing}
   (You found it on level 9 of the Dungeon)

Dungeon Overview and Level Annotations

Branches:
Dungeon (14/15)            Temple (1/1) D:4            Lair (1/6) D:11
    Orc (1/2) D:9           Sewer (visited)         Ossuary (visited)
 Vaults: D:13-14

Altars:
Ashenzari
Cheibriados
Dithmenos
Elyvilon
Fedhas
Gozag
Hepliaklqana
Kikubaaqudgha
Makhleb
Nemelex Xobeh
Okawaru
Qazlal
Ru
Sif Muna
Trog
Uskayaw
Vehumet
Wu Jian
Xom
Yredelemnul
Zin
The Shining One
Beogh
Lugonu

Shops:
D:10 *   D:14 [

Annotations:
D:9 2 transporters
Lair:1 Sonja

# #....# #######
#####....# #.....#
...##....### #.....#
##.##....'.######.....#
#..'....#......'.....#
####....########.....#
###'## ###'### #.>##
#..## ##..# ##..# ##.#
#######'## #.#
#.@<.C...# #.#
#O.W.....# #########'##
#........# .##.^......#
#........#
.##........####........#
..#........'.##........#
#.'........#.##........#
###...)....#..'........#
######'######........#
##..# ###'###### #..##
#.##


You could see a phantasmal warrior (ally target), a friendly two-headed ogre
(summoned) and a friendly cyclops (summoned).


Message History

A wraith comes into view. 😎 HP[+15]
You swap places.
You swap places.
You hit the wraith but do no damage. Your headbutt misses the wraith.
The wraith misses you.
Matia casts a spell at the wraith.
The wraith seems to slow down.
You whack the wraith! You burn the wraith. The wraith misses you.
You whack the wraith! You burn the wraith. You hit the wraith but do no damage.
The wraith hits you. 😕 HP[-4]
You take 4 damage, and now have 97/101 hp.
You hit the wraith. You burn the wraith.
The wraith hits you but does no damage. 😕 HP[+1]
You whack the wraith! You burn the wraith.
You destroy the wraith!
You now have 102 max hp (+1).
You swap places.
The death knight shouts! 😎 HP[+4]
You open the door.
There is an open door here.
You open the door.
There is an open door here.
You swap places.
You swap places.
There is an open door here.
You see here a +0 chain mail.
You swap places.
There is a stone staircase leading down here.
There is an open door here.
You swap places.
You swap places.
You swap places.
You swap places.
A death knight is nearby!
You throw a poisoned dart {throwing}.
The poisoned dart {throwing} closely misses the death knight.
The death knight shouts!
You swap places.
Matia barely misses the death knight.
The death knight offers itself to Yredelemnul, and fills with unholy energy.
Matia hits the death knight but does no damage.
The death knight hits Matia with a +4 great mace!!
There is a stone staircase leading down here.
Matia hits the death knight but does no damage.
Matia hits the death knight with a +0 dagger of draining!
Matia drains the death knight.
The death knight hits Matia with a +4 great mace!!
Matia hits the death knight but does no damage.
The phantasmal warrior hits Matia!!
Matia is destroyed!
The death knight misses you.
You hit the death knight but do no damage.
The death knight completely misses you. You furiously retaliate!
You headbutt the death knight. You hit the death knight.
You burn the death knight. The phantasmal warrior hits you!!
Your willpower is stripped away!
The death knight hits you with a +4 great mace. 😮 HP[-31]
You take 31 damage, and now have 71/102 hp.
MASSIVE DAMAGE!! (PAUSE)
The death knight offers itself to Yredelemnul, and fills with unholy energy.
There is a stone staircase leading down here. 😮 HP[+1]
The phantasmal warrior hits you!!
You climb downwards.
There is a stone staircase leading up here. 😮 HP[-18]
You take 18 damage, and now have 54/102 hp.
You closely miss the phantasmal warrior.
The phantasmal warrior hits you!
* * * LOW HITPOINT WARNING * * *
😨 HP[-13]
You take 13 damage, and now have 41/102 hp.
You hit the phantasmal warrior but do no damage.
The phantasmal warrior hits you!!
* * * LOW HITPOINT WARNING * * *
😱 HP[-24]
You take 24 damage, and now have 17/102 hp.
MASSIVE DAMAGE!! (PAUSE)
You feel much better.
The phantasmal warrior misses you. 😨 HP[+21]
You regained 21 hp, and now have 38/102 hp.
Okay, then.
You can't see any enemies this would affect, really read the scroll of fear? [Y]es or [N]o only, please.
You can't see any enemies this would affect, really read the scroll of fear?
Okay, then.
Unknown command.
As you read the scroll of summoning, it crumbles to dust.
Wisps of shadow whirl around you... The phantasmal warrior hits you!!
* * * LOW HITPOINT WARNING * * *
😱 HP[-31]
You take 31 damage, and now have 7/102 hp.
MASSIVE DAMAGE!! (PAUSE)
The phantasmal warrior hits you!!
You die...

Skill      XL: |  1  2  3  4  5  6  7  8  9 10 11 12 13 |
---------------+----------------------------------------+-----
Dodging        | 1 2 3 4 |  4.4
Shields        | 4 5 6 7 |  7.2
Armour         | 4 5 6 7 8 10 | 10.4
Fighting       | 4 5 6 9 11 14 16 17 | 17.0
Long Blades    | 3 4 5 8 11 13 15 | 15.2
Axes           | 8 |  8.9
Throwing       | |  0.1
Stealth        | |  0.2

Action                   |  1- 3 |  4- 6 |  7- 9 | 10-12 | 13-15 || total
-------------------------+-------+-------+-------+-------+-------++-------
Melee: Long sword        |    96 |   110 |   307 |   316 |       ||   829
       Headbutt          |    16 |    20 |    60 |   106 |    17 ||   219
       Whip              |       |       |       |     5 |    25 ||    30
       War axe           |       |       |       |   129 |    49 ||   178
Throw: Dart              |       |     2 |     3 |    10 |     1 ||    16
Invok: Ancestor Life: He |       |       |     1 |       |       ||     1
       Recall Ancestor   |       |       |       |     1 |       ||     1
Evoke: Wand              |       |       |     2 |       |       ||     2
       Tin of tremorston |       |       |       |     2 |       ||     2
  Use: Scroll            |       |       |       |    11 |     2 ||    13
       Potion            |       |       |       |     2 |     3 ||     5
 Stab: Distracted        |       |     1 |       |     8 |     1 ||    10
       Confused          |       |       |       |     3 |       ||     3
Armor: Scale mail        |    16 |       |       |       |       ||    16
       Chain mail        |    18 |    51 |    89 |       |       ||   158
       Plate armour      |       |       |    63 |   221 |    49 ||   333
Dodge: Dodged            |    38 |    33 |   144 |   155 |    41 ||   411
Block: Buckler           |    28 |    22 |    79 |    11 |       ||   140
       Kite shield       |       |       |       |   209 |    52 ||   261

Levels and vault maps discovered:
D:1:      minmay_arrival_checkered_box, layout_basic,
          dreamdust_ecumenical_altar_statues
D:2:      layout_loops_corners, grunt_ministairs_12
D:3:      layout_basic, yredelemnul_altar_generic, marbit_many_paths,
          minmay_misc_feat_roman, small_statue_alley_b
D:4:      layout_gridville, grunt_gozag_statues, minmay_temple_entry_large_hall,
          uniq_natasha
D:5:      layout_basic, cheibrodos_sewer_entry_bend
D:6:      layout_basic, kiku_gazebo_pond_becter, nicolae_overflow_hidden_temple,
          nicolae_ossuary_entry_false_entrances, grunt_decor_one_mirror
D:7:      layout_loops_cross, grunt_temple_overflow_open, chequers_jeans,
          serial_park_tiny_2, minivault_14, st_stairs_6
D:8:      layout_gridville
D:9:      gammafunk_beogh_shrine, layout_irregular_city, minitemple,
          overflow_temple_1_default, kennysheep_orc_monster_closet_entryway,
          kennysheep_generic_room_14
D:10:     layout_basic, nicolae_transmutations_shop
D:11:     layout_stronghold, david_lair_shrubbed
D:12:     layout_stronghold, serial_co_window_serial, co_window_corner_a,
          co_window_of_opportunity_a, co_window_paths_a, co_window_corner_a,
          co_window_paths_b, co_window_paths_c, co_window_corner_cb,
          co_window_corner_ca, co_window_of_opportunity_b,
          co_window_of_opportunity_b, co_window_of_opportunity_b,
          co_window_4corner_b, co_window_paths_e, glass_columns_b,
          glass_columns_a, glass_columns_b, glass_columns_b, glass_columns_b
D:13:     layout_roguey, grunt_vaults_entry_fortified, hangedman_weighted_door
D:14:     layout_loops_cross, serial_shops, nicolae_shop_statue_plus,
          nicolae_ru_path_of_blood
Temple:   corrupted_temple
Lair:1:   layout_chaotic_city, grunt_forest_small_clearing_treed,
          grunt_megastairs_5, uniq_gastronok, uniq_fannar, uniq_sonja
Orc:1:    layout_diamond_mine

Notes
Turn   | Place    | Note
-------+----------+-------------------------------------------
     0 | D:1      | Faeu the Minotaur Fighter began the quest for the Orb.
     0 | D:1      | Reached XP level 1. HP: 19/19 MP: 0/0
     0 | D:1      | magus.rc [v1.9.6]
    61 | D:1      | magus.rc [v1.9.6]
    88 | D:1      | magus.rc [v1.9.6]
   162 | D:1      | Found a faded altar of an unknown god.
   165 | D:1      | Upgraded the game from 0.28.0-45-g0d030f2227 to
                  | 0.28.0-47-ge53b351184
   165 | D:1      | magus.rc [v1.9.6]
   369 | D:1      | Reached XP level 2. HP: 27/27 MP: 1/1
  1088 | D:2      | Reached skill level 1 in Dodging
  1328 | D:2      | Reached skill level 4 in Shields
  1329 | D:2      | Reached XP level 3. HP: 24/33 MP: 2/2
  1330 | D:2      | Reached skill level 4 in Armour
  1572 | D:2      | Reached skill level 4 in Fighting
  2183 | D:3      | Reached skill level 3 in Long Blades
  2631 | D:3      | Identified the +1 leather armour of Ohuarul {rF+}
  2673 | D:3      | Found a basalt altar of Yredelemnul.
  2794 | D:3      | Reached XP level 4. HP: 37/40 MP: 3/3
  2818 | D:3      | Found a glowing silver altar of Zin.
  2954 | D:4      | Found an opulent altar of Gozag.
  2998 | D:4      | Noticed Natasha
  3002 | D:4      | Killed Natasha
  3357 | D:4      | Found a staircase to the Ecumenical Temple.
  3369 | Temple   | Entered the Ecumenical Temple
  3408 | Temple   | Became a worshipper of Hepliaklqana the Forgotten
  3512 | D:4      | Noticed a scorpion
  3519 | D:4      | Killed a scorpion
  3520 | D:4      | Reached skill level 2 in Dodging
  3520 | D:4      | Reached XP level 5. HP: 46/47 MP: 4/4
  3869 | D:5      | Entered Level 5 of the Dungeon
  3869 | D:5      | Noticed an ogre
  3908 | D:5      | Killed an ogre
  3909 | D:5      | Reached skill level 4 in Long Blades
  3909 | D:5      | Reached XP level 6. HP: 21/55 MP: 5/5
  4148 | D:5      | Reached skill level 5 in Fighting
  4148 | D:5      | Reached skill level 5 in Shields
  4187 | D:5      | Reached skill level 5 in Armour
  4248 | D:5      | Found a glowing drain.
  4260 | Sewer    | Entered a sewer
  4429 | Sewer    | Reached skill level 3 in Dodging
  4892 | Sewer    | Reached XP level 7. HP: 61/61 MP: 6/6
  4956 | Sewer    | Reached * piety under Hepliaklqana
  5471 | D:5      | Reached skill level 5 in Long Blades
  5478 | D:5      | HP: 5/55 [orc priest/divine providence (17)]
  5619 | D:4      | Noticed Natasha
  5627 | D:4      | Killed Natasha
  5679 | D:4      | Noticed Natasha
  5683 | D:4      | Killed Natasha
  5915 | D:5      | Reached skill level 6 in Fighting
  5915 | D:5      | Reached skill level 6 in Armour
  5915 | D:5      | Reached skill level 4 in Dodging
  5915 | D:5      | Reached skill level 6 in Shields
  5974 | D:5      | magus.rc [v1.9.6]
  6207 | D:6      | Reached XP level 8. HP: 63/63 MP: 7/7
  6256 | D:6      | HP: 9/63 [ogre/+0 giant club (13)]
  6261 | D:6      | Reached skill level 6 in Long Blades
  6529 | D:6      | Found an ancient bone altar of Kikubaaqudgha.
  6614 | D:6      | Found a sand-covered staircase.
  6638 | Ossuary  | Entered an ossuary
  6780 | Ossuary  | Reached skill level 7 in Long Blades
  7071 | D:6      | Found a shimmering blue altar of Sif Muna.
  7075 | D:6      | Found a shimmering altar of Xom.
  7205 | D:6      | Reached skill level 7 in Armour
  7372 | D:6      | magus.rc [v1.9.6]
  7636 | D:7      | Reached skill level 8 in Long Blades
  7672 | D:7      | Reached skill level 7 in Shields
  7676 | D:7      | Reached XP level 9. HP: 42/70 MP: 8/8
  7749 | D:7      | Reached skill level 7 in Fighting
  8178 | D:7      | Reached skill level 9 in Long Blades
  8298 | D:7      | Found a radiant altar of Vehumet.
  8298 | D:7      | Found an ornate altar of the Wu Jian Council.
  8300 | D:7      | Found a sparkling altar of Nemelex Xobeh.
  8313 | D:7      | Reached ** piety under Hepliaklqana
  8314 | D:7      | Remembered your ancestor Matia as a hexer
  9167 | D:8      | Reached skill level 8 in Armour
  9811 | D:8      | Noticed an unseen horror
  9818 | D:8      | Killed an unseen horror
  9819 | D:8      | Reached skill level 8 in Fighting
  9819 | D:8      | Reached skill level 10 in Long Blades
  9961 | D:9      | Reached *** piety under Hepliaklqana
 10110 | D:9      | Noticed a two-headed ogre
 10113 | D:9      | HP: 12/73 [two-headed ogre/+0 giant club (14)]
 10115 | D:9      | HP: 1/73 [two-headed ogre/+0 giant club (11)]
 10124 | D:9      | Killed a two-headed ogre
 10125 | D:9      | Reached skill level 9 in Fighting
 10125 | D:9      | Reached skill level 11 in Long Blades
 10125 | D:9      | Reached XP level 10. HP: 3/81 MP: 9/9
 10701 | D:9      | Found a stormy altar of Qazlal.
 10701 | D:9      | Found a glowing golden altar of the Shining One.
 10704 | D:9      | Found a shadowy altar of Dithmenos.
 10852 | D:9      | Identified the +10 war axe "Demonslayer" {pain, Drain rC-
                  | rCorr Dex+8}
 10854 | D:9      | magus.rc [v1.9.6]
 11079 | D:9      | Found a staircase to the Orcish Mines.
 11089 | D:9      | Reached skill level 10 in Fighting
 11283 | D:8      | Reached skill level 12 in Long Blades
 11672 | D:9      | Found a transporter.
 11673 | D:9      | Found a transporter.
 11883 | D:9      | Found a broken altar of Ashenzari.
 11887 | D:9      | Noticed a two-headed ogre
 11912 | D:9      | Killed a two-headed ogre
 11913 | D:9      | Reached skill level 11 in Fighting
 12392 | Orc:1    | Entered Level 1 of the Orcish Mines
 12421 | Orc:1    | Reached skill level 13 in Long Blades
 12731 | Orc:1    | Noticed an orc sorcerer
 12732 | Orc:1    | Noticed an orange demon
 12761 | D:10     | Entered Level 10 of the Dungeon
 12866 | D:10     | Reached XP level 11. HP: 50/93 MP: 10/10
 13502 | D:10     | Reached **** piety under Hepliaklqana
 13681 | D:10     | Found Denteck's Changing Room.
 13841 | D:10     | Reached skill level 12 in Fighting
 13960 | D:10     | You pick up a book of Debilitation and begin reading...
 13960 | D:10     | You add the spells Slow, Vampiric Draining and Confusing
                  | Touch to your library.
 14060 | D:11     | Found a staircase to the Lair.
 14218 | D:11     | Noticed a two-headed ogre
 14419 | D:11     | Noticed a four-headed hydra
 14441 | D:11     | Killed a four-headed hydra
 14512 | D:11     | Reached skill level 14 in Long Blades
 14715 | D:11     | Noticed a centaur warrior
 14727 | D:11     | Killed a centaur warrior
 14924 | D:11     | You pick up a book of Flames and begin reading...
 14924 | D:11     | You add the spells Foxfire, Conjure Flame, Inner Flame and
                  | Flame Wave to your library.
 15077 | D:11     | Noticed a sixfirhy
 15082 | D:11     | Noticed a sun demon
 15084 | D:11     | Reached skill level 13 in Fighting
 15097 | D:11     | Noticed a two-headed ogre
 15108 | D:11     | Killed a two-headed ogre
 15240 | D:11     | Killed a two-headed ogre
 15518 | Lair:1   | Entered Level 1 of the Lair of Beasts
 15518 | Lair:1   | Noticed Sonja
 15682 | D:12     | Noticed a two-headed ogre
 15698 | D:12     | Killed a two-headed ogre
 15956 | D:12     | Reached skill level 15 in Long Blades
 15960 | D:12     | Noticed a two-headed ogre
 16030 | D:12     | Killed a two-headed ogre
 16072 | D:12     | Noticed a boulder beetle
 16092 | D:12     | HP: 24/97 [boulder beetle (22)]
 16097 | D:12     | Killed a boulder beetle
 16098 | D:12     | Reached skill level 14 in Fighting
 16473 | D:12     | Noticed a phantasmal warrior
 16503 | D:13     | Noticed a centaur warrior
 16503 | D:13     | Noticed a cyan ugly thing
 16506 | D:12     | Noticed a death knight
 16506 | D:12     | Noticed a skeletal warrior
 16521 | D:13     | Reached XP level 12. HP: 54/106 MP: 11/11
 16725 | D:13     | You add the spells Ignite Poison, Mephitic Cloud and
                  | Freezing Cloud to your library.
 16798 | D:13     | Killed a centaur warrior
 16799 | D:13     | Reached skill level 1 in Axes
 16805 | D:13     | Reached skill level 2 in Axes
 16851 | D:13     | Noticed a centaur warrior
 16857 | D:13     | Killed a centaur warrior
 16895 | D:13     | Noticed a vault guard
 16906 | D:13     | Paralysed by an orc sorcerer for 5 turns
 16907 | D:13     | Reached skill level 3 in Axes
 16922 | D:13     | Reached skill level 15 in Fighting
 17152 | D:13     | Identified a +2 robe of the Archmagi
 17152 | D:13     | Noticed a vault guard
 17189 | D:14     | Reached skill level 4 in Axes
 17191 | D:14     | Noticed a centaur warrior
 17194 | D:14     | Reached ***** piety under Hepliaklqana
 17203 | D:14     | Killed a centaur warrior
 17204 | D:14     | Reached skill level 5 in Axes
 17469 | D:14     | Found a sacrificial altar of Ru.
 17518 | D:14     | Found Hisocaudagg's Antique Armour Shoppe.
 17519 | D:14     | Noticed a centaur warrior
 17527 | D:14     | Killed a centaur warrior
 17528 | D:14     | Reached skill level 6 in Axes
 17598 | D:14     | Noticed a boulder beetle
 17611 | D:14     | HP: 22/109 [boulder beetle (12)]
 17962 | D:13     | Reached skill level 16 in Fighting
 17966 | D:13     | Reached skill level 7 in Axes
 18245 | D:13     | HP: 26/109 [vault guard/+0 broad axe (9)]
 18246 | D:13     | Killed a vault guard
 18247 | D:13     | Reached skill level 8 in Axes
 18442 | D:13     | Noticed a centaur warrior
 18454 | D:13     | Killed a centaur warrior
 18678 | D:14     | Noticed a centaur warrior
 18689 | D:14     | Killed a centaur warrior
 18695 | D:14     | Reached XP level 13. HP: 61/117 MP: 12/12
 19265 | D:14     | Reached skill level 17 in Fighting
 19455 | D:14     | Reached skill level 9 in Armour
 19710 | D:13     | HP: 18/118 [vault guard/+0 halberd (21)]
 20173 | D:12     | Reached skill level 10 in Armour
 21101 | D:13     | HP: 17/102 [phantasmal warrior[a death knight] (24)]
 21103 | D:13     | HP: 7/102 [phantasmal warrior[a death knight] (31)]
 21104 | D:13     | Demolished by a phantasmal warrior

Vanquished Creatures
  2 vault guards (D:13)
  2 hydras
  2 boulder beetles
  8 centaur warriors
  3 two-headed ogres
  A deep elf knight (D:13)
  7 ugly things
  A wolf spider zombie (D:13)
  2 manticores
  3 deep elf pyromancers (D:14)
  An orc sorcerer (D:13)
  A cyclops (D:11)
  A gargoyle (D:14)
  A komodo dragon (D:11)
  An unseen horror (D:8)
  A yaktaur (D:13)
  2 kobold demonologists
  2 trolls
  A raiju (shapeshifter) (D:14)
  A meliai zombie (D:10)
  9 yaks
  A shadow (D:11)
  2 wraiths
  8 vampire mosquitoes
  An acid dragon (D:12)
  2 water moccasins (D:7)
  A sky beast (D:6)
  7 orc warriors
  An ice beast (D:6)
  5 ogres
  7 centaurs
  10 kobold brigands
  2 gnoll sergeants (D:9)
  2 scorpions
  A wyvern zombie (D:7)
  A water moccasin skeleton (D:7)
  3 killer bees (D:9)
  9 centaur zombies
  2 howler monkeys (D:10)
  A bullfrog zombie (D:6)
  3 hounds
  6 orc priests
  A gnoll shaman (D:9)
  A bullfrog skeleton (D:7)
  5 orc wizards
  Natasha (twice) (D:4)
  A killer bee zombie (D:7)
  4 mummies (Ossuary)
  12 gnolls
  2 howler monkey skeletons
  6 adders
  A river rat (Sewer)
  2 shadow imps
  2 white imps
  An ufetubus (D:5)
  8 worms
  3 dart slugs
  30 orcs
  10 ball pythons
  9 endoplasms
  A giant cockroach (D:1)
  9 goblins
  3 hobgoblins (D:2)
  3 quokkas
  4 bats
  5 frilled lizards
  2 hobgoblin zombies (Ossuary)
  21 kobolds
  9 rats
284 creatures vanquished.

Vanquished Creatures (collateral kills)
  A centaur warrior (D:11)
  3 two-headed ogres
  A manticore (D:12)
  A spectral centaur (D:13)
  2 trolls
  A yak (D:12)
  A vampire mosquito (D:12)
  3 orc warriors
  2 ogres
  A kobold brigand (D:8)
  2 bullfrogs
  A wyvern zombie (D:9)
  2 gnoll sergeants (D:8)
  A killer bee (D:9)
  A centaur zombie (D:7)
  4 orc priests
  An iguana (D:5)
  Natasha (D:4)
  2 gnolls (D:8)
  An ufetubus (D:7)
  7 orcs
  A kobold (D:9)
  A hobgoblin zombie (Ossuary)
41 creatures vanquished.

Vanquished Creatures (others)
  12 hexers
  An ancestor (D:6)
  An orc (D:9)
  17 plants (D:11)
31 creatures vanquished.

Grand Total: 356 creatures vanquished

Table legend:
 A = Non-vault XP
 B = Vault XP
 C = Vault XP percentage of total XP
 D = Non-vault monster count
 E = Vault monster count
 F = Vault count percentage of total count
                 A         B        C        D         E       F
            +---------+---------+-------+---------+---------+-------
      Total |   37039 |    9089 |  19.7 |     247 |      79 |  24.2
            +---------+---------+-------+---------+---------+-------
        D:1 |      20 |       0 |   0.0 |      13 |       0 |   0.0
        D:2 |      29 |       6 |  17.1 |      13 |       2 |  13.3
        D:3 |      43 |       2 |   4.4 |      15 |       1 |   6.2
        D:4 |     219 |      36 |  14.1 |      20 |       1 |   4.8
        D:5 |     461 |       4 |   0.9 |      13 |       1 |   7.1
        D:6 |     847 |       0 |   0.0 |      12 |       0 |   0.0
        D:7 |     790 |     284 |  26.4 |      18 |       3 |  14.3
        D:8 |    1102 |     516 |  31.9 |      19 |       3 |  13.6
        D:9 |    3327 |    1123 |  25.2 |      34 |      18 |  34.6
       D:10 |    1578 |       0 |   0.0 |      15 |       0 |   0.0
       D:11 |    5136 |     389 |   7.0 |      15 |       1 |   6.2
       D:12 |    5721 |       0 |   0.0 |      15 |       0 |   0.0
       D:13 |    5207 |    5872 |  53.0 |      14 |      10 |  41.7
       D:14 |   11682 |       0 |   0.0 |      19 |       0 |   0.0
      Orc:1 |     877 |       0 |   0.0 |      12 |       0 |   0.0
      Sewer |       0 |     589 | 100.0 |       0 |      28 | 100.0
    Ossuary |       0 |     268 | 100.0 |       0 |      11 | 100.0
            +---------+---------+-------+---------+---------+-------

Illustrated notes

Table legend:
 A = Kills in this place as a percentage of kills in entire the game.
 B = Kills by you in this place as a percentage of kills by you in the entire game.
 C = Kills by friends in this place as a percentage of kills by friends in the entire game.
 D = Other kills in this place as a percentage of other kills in the entire game.
 E = Experience gained in this place as a percentage of experience gained in the entire game.
 F = Experience gained in this place divided by the number of levels of this place that you have seen.
                   A       B       C       D       E      F
               +-------+-------+-------+-------+-------+----------------------
         Total | 100.0 | 100.0 | 100.0 | 100.0 | 100.0 | 2427.8
       Dungeon |  84.4 |  83.7 |  87.8 | 100.0 |  96.2 | 3171.0
  Orcish Mines |   3.7 |   2.8 |   9.8 |   0.0 |   1.9 | 877.0
         Sewer |   8.6 |   9.9 |   0.0 |   0.0 |   1.3 | 589.0
       Ossuary |   3.4 |   3.5 |   2.4 |   0.0 |   0.6 | 268.0
               +-------+-------+-------+-------+-------+----------------------

Table legend: (Time is in decaauts)
 A = Elapsed time spent in this place.
 B = Non-inter-level travel time spent in this place.
 C = Inter-level travel time spent in this place.
 D = Time resting spent in this place.
 E = Time spent auto-exploring this place.
 F = Levels seen in this place.
 G = Mean time per level.
                   A        B        C        D        E       F      G
               +--------+--------+--------+--------+--------+-----+--------+
         Total |  21386 |  20869 |    517 |   5932 |   7817 |  19 | 1125.6 |
       Dungeon |  19655 |  19148 |    507 |   5526 |   7076 |  14 | 1403.9 |
        Temple |     51 |     42 |      9 |      0 |     20 |   1 |   51.0 |
          Lair |      1 |      1 |      0 |      0 |      0 |   1 |    1.0 |
  Orcish Mines |    180 |    180 |      0 |     74 |      0 |   1 |  180.0 |
         Sewer |   1271 |   1271 |      0 |    210 |    700 |   1 | 1271.0 |
       Ossuary |    226 |    226 |      0 |    122 |     21 |   1 |  226.0 |
               +--------+--------+--------+--------+--------+-----+--------+

Top non-repeatable levels by time:
    D:13: 2320 daAuts
     D:8: 1935 daAuts
    D:12: 1915 daAuts
     D:9: 1831 daAuts
    D:10: 1414 daAuts
     D:4: 1372 daAuts
    D:14: 1365 daAuts
    D:11: 1324 daAuts
     D:7: 1273 daAuts
   Sewer: 1271 daAuts
     D:2: 1173 daAuts
     D:6: 1061 daAuts
     D:1: 900 daAuts
     D:3: 892 daAuts
     D:5: 874 daAuts
